 Dungeon Crawl Stone Soup version 0.18-a0-1789-gbeff17f (webtiles) character file.

39148 dobroeutro the Protected (level 14, 0/84 HPs)
             Began as a Gargoyle Fighter on Apr 21, 2016.
             Was the Champion of Okawaru.
             Killed from afar by a lindwurm (28 damage)
             ... with a blast of flame
             ... in a volcano.
             The game lasted 00:41:22 (15655 turns).

dobroeutro the Protected (Gargoyle Fighter)        Turns: 15655, Time: 00:41:23

Health: 0/84       AC: 35    Str: 26    XL:     14   Next: 5%
Magic:  0/15       EV:  8    Int:  8    God:    Okawaru [******]
Gold:   1083       SH: 14    Dex: 18    Spells: 0 memorised, 13 levels left

rFire  . . .     SeeInvis +     I - +1 morningstar (venom)
rCold  . . .     Gourm    .     R - +5 chain mail "Utaqidd" {rElec Dex+4}
rNeg   + . .     Faith    .     c - +0 shield
rPois  ∞         Spirit   +     z - +1 helmet
rElec  +         Dismiss  .     K - +2 cloak
rCorr  .         Reflect  .     (no gloves)
SustAt .         Harm     .     (no boots)
MR     +....     Clarity  +     r - amulet of guardian spirit
Stlth  ..........               y - ring of see invisible
                                h - +5 ring of dexterity

@: somewhat resistant to hostile enchantments, extremely unstealthy
A: big wings, molten scales 1, blurry vision 1, clarity, frail 1, high mp 1,
negative energy resistance 1, shaggy fur 1, electricity resistance, unbreathing,
petrification resistance, rot immunity, subdued magic 1, AC +9
a: Fly, Heroism, Finesse, Renounce Religion


You were in a volcano.
You worshipped Okawaru.
Okawaru was exalted by your worship.
You were very hungry.

You visited 2 branches of the dungeon, and saw 17 of its levels.
You also visited: Volcano.

You collected 1083 gold pieces.

Inventory:

Hand Weapons
 a - a +0 flail
 I - a +1 morningstar of venom (weapon)
Armour
 c - a +0 shield (worn)
 z - a +1 helmet (worn)
 J - a +2 buckler of reflection
 K - a +2 cloak (worn)
 R - the +5 chain mail "Utaqidd" (worn) {rElec Dex+4}
   (Okawaru gifted it to you on level 10 of the Dungeon)

   It affects your dexterity (+4).
   It insulates you from electricity.
Jewellery
 h - a +5 ring of dexterity (left hand)
 i - an uncursed amulet of the gourmand {unknown}
 m - an uncursed ring of resist corrosion
 r - an amulet of guardian spirit (around neck)
 y - a ring of see invisible (right hand)
Wands
 g - a wand of iceblast (5/15)
 l - a wand of disintegration (5/24)
 t - a wand of iceblast (9/15)
Scrolls
 e - 10 scrolls of remove curse
 n - a scroll of identify
 s - 3 scrolls of fog
 v - 3 scrolls of fear
 w - 3 scrolls of teleportation
 B - 2 scrolls of blinking
 F - 3 scrolls of enchant armour
 H - 5 scrolls of enchant weapon
Potions
 b - a potion of cure mutation {unknown}
 d - 2 potions of might
 j - a potion of berserk rage
 k - 4 potions of curing
 o - 5 potions of brilliance
 p - a potion of beneficial mutation
 u - a potion of invisibility
 A - 3 potions of haste
 E - 2 potions of agility
 G - a potion of flight {unknown}
 W - 3 potions of cancellation
 X - a potion of mutation {unknown}
 Y - 3 potions of magic
Comestibles
 f - 2 bread rations
 x - 18 fruits
 N - 10 royal jellies
 T - 6 meat rations
 V - 2 beef jerkies


   Skills:
 + Level 13.1 Fighting
 + Level 12.2 Maces & Flails
 + Level 13.2 Armour
 + Level 13.1 Shields


You had 13 spell levels left.
You didn't know any spells.

Dungeon Overview and Level Annotations

Branches:
Dungeon (15/15)            Temple (0/1) D:7            Lair (2/8) D:8
    Orc (0/2) D:9          Vaults (0/5) D:13
 Depths: D:15

Altars:
Ashenzari
Cheibriados
Dithmenos
Fedhas
Gozag
Okawaru
Qazlal
Ru
Sif Muna
Trog
Yredelemnul
Beogh

Shops:
D:4 :


Innate Abilities, Weirdness & Mutations

You are resistant to torment.
Your stone body is resilient (AC +9).
You are immune to poison.
Your large and strong wings let you fly indefinitely.
You resist negative energy.
You are resistant to electric shocks.
You can survive without breathing.
You are immune to petrification.
You are immune to rotting.
You are partially covered in molten scales (AC +1).
Scrolls take you a little longer to read.
You possess an exceptional clarity of mind.
You are frail (-10% HP).
You have an increased reservoir of magic (+10% MP).
You are covered in fur (AC +1).
Your spells are a little easier to cast, but a little less powerful.


Message History

Okawaru accepts your kill. The lindwurm breathes flames at you.
The blast of flame hits you!
You hit the lindwurm but do no damage.
The lindwurm is poisoned.
The lindwurm bites you. You block the lindwurm's attack.
The lindwurm closely misses you.
Your chain mail "Utaqidd" prevents you from hitting the lindwurm.
The lindwurm is lightly wounded.
The lindwurm bites you.
The lindwurm claws you but does no damage. x2
You hit the lindwurm but do no damage.
The lindwurm looks even sicker.
The lindwurm is lightly wounded.
There is a rumble as the volcano erupts.
The roof shakes.
You are feeling very hungry.
The lindwurm completely misses you. You block the lindwurm's attack. x2
You puncture the lindwurm!
The lindwurm is moderately wounded.
The lindwurm breathes flames at you. The blast of flame hits you!
You die...

##### ∩!$. .∩..
#... ## ## .[!#
..##. ##. #.. ###.#
#.∩# #..##.###
##... ##...†###
###.!$[ #.....#.##
#.....k###..∩∩..§.#
#![.†@......####..[
##..####...#.# . ##
..##.###.. #... ###
.)[. #[/ .#∩. ## ##
#


You could see a lindwurm.

Vanquished Creatures
  2 hydras (D:15)
  3 centaur warriors (D:14)
  3 tengu warriors
  2 ogre magi (D:15)
  Nergalle (D:9)
  3 skeletal warriors (D:13)
  An unseen horror (D:15)
  7 hill giants
  2 deep elf magi
  A wolf spider (D:15)
  A necromancer (D:13)
  8 ugly things
  2 cyclopes
  2 spiny frogs (Lair:1)
  A gargoyle (D:15)
  A kobold demonologist (D:13)
  A centaur zombie (D:12)
  A tengu conjurer (D:15)
  2 komodo dragons
  3 trolls
  3 two-headed ogres
  Prince Ribbit (D:7)
  4 slime creatures
  A hornet zombie (D:13)
  2 wraiths
  4 fire bats (Volcano)
  2 vampires
  2 shadows
  16 yaks
  A basilisk (Lair:1)
  3 hungry ghosts
  5 vampire mosquitoes
  The ghost of ThereIsNoGod the Skirmisher, an amateur DsFi of Makhleb (D:4)
  2 hippogriffs
  2 wargs (D:8)
  3 mottled dragons
  3 water moccasins (Lair:1)
  4 hell hounds
  2 porcupines
  10 orc warriors
  A black bear (D:11)
  4 ice beasts
  A wasp (D:15)
  An eye of draining (D:13)
  3 sky beasts
  9 ogres
  19 centaurs
  2 necrophages (D:8)
  3 big kobolds
  An elf zombie (D:8)
  10 giant frogs
  4 scorpions
  12 wights
  9 killer bees
  7 howler monkeys
  3 crimson imps
  10 jellies
  A quasit (D:11)
  3 giant frog zombies
  A wasp zombie (D:7)
  2 human zombies (D:8)
  5 hounds
  17 orc wizards
  13 orc priests
  3 centaur skeletons
  2 giant frog skeletons
  2 gnoll shamans
  8 iguanas
  Ijyb (D:3)
  2 human skeletons (D:8)
  8 worker ants
  2 sheep (D:12)
  A hound skeleton (D:4)
  2 mummies (D:8)
  A howler monkey zombie (D:8)
  A worker ant zombie (D:10)
  Robin (D:3)
  11 gnolls
  6 adders
  2 shadow imps
  7 oozes
  2 adder skeletons
  An adder zombie (D:6)
  A dart slug (D:1)
  9 giant geckos
  58 orcs
  2 ball pythons
  7 bats
  5 giant cockroaches
  5 hobgoblins
  6 jackals
  3 quokkas
  A giant cockroach zombie (D:6)
  5 giant newts
  15 goblins
  23 kobolds
  An orc skeleton (D:8)
  2 orc zombies (D:8)
  A quokka skeleton (D:3)
  5 rats
471 creatures vanquished.

Notes
Turn   | Place    | Note
--------------------------------------------------------------
     0 | D:1      | dobroeutro the Gargoyle Fighter began the quest for the Orb.
     0 | D:1      | Reached XP level 1. HP: 14/14 MP: 1/1
   111 | D:1      | Reached XP level 2. HP: 19/19 MP: 2/2
   632 | D:2      | Reached XP level 3. HP: 19/23 MP: 3/3
  1165 | D:3      | Found a stormy altar of Qazlal.
  1195 | D:3      | Noticed Ijyb
  1204 | D:3      | Killed Ijyb
  1204 | D:3      | Reached XP level 4. HP: 24/29 MP: 4/4
  1573 | D:3      | Noticed Robin
  1590 | D:3      | Killed Robin
  1821 | D:4      | Reached XP level 5. HP: 33/33 MP: 5/5
  1857 | D:4      | Noticed ThereIsNoGod's ghost (amateur DsFi)
  2050 | D:4      | Noticed a hungry ghost
  2085 | D:4      | Killed a hungry ghost
  2085 | D:4      | Reached XP level 6. HP: 26/39 MP: 6/6
  2231 | D:4      | Found Piptogg's Book Boutique.
  2388 | D:4      | Reached skill level 5 in Armour
  2438 | D:4      | Got a ripped robe
  2449 | D:4      | Identified the +1 robe of Magic {Int+2 SInv} (You found it on level 4 of the Dungeon)
  2499 | D:4      | Reached skill level 5 in Fighting
  2499 | D:4      | Reached XP level 7. HP: 34/44 MP: 3/7
  2669 | D:5      | Entered Level 5 of the Dungeon
  2697 | D:5      | Found an opulent altar of Gozag.
  2804 | D:5      | Reached skill level 5 in Shields
  3078 | D:5      | Found a shadowy altar of Dithmenos.
  3133 | D:5      | Found a shattered altar of Ashenzari.
  3369 | D:5      | Found an iron altar of Okawaru.
  3530 | D:5      | Became a worshipper of Warmaster Okawaru
  3961 | D:4      | Reached XP level 8. HP: 17/51 MP: 4/8
  4114 | D:4      | Killed ThereIsNoGod's ghost
  4114 | D:4      | Reached * piety under Okawaru
  4114 | D:4      | Reached skill level 5 in Maces & Flails
  4817 | D:7      | Found a staircase to the Ecumenical Temple.
  5001 | D:7      | Found a sacrificial altar of Ru.
  5296 | D:7      | Noticed Prince Ribbit
  5552 | D:7      | Killed Prince Ribbit
  5552 | D:7      | Reached XP level 9. HP: 39/57 MP: 7/9
  5627 | D:8      | Found a snail-covered altar of Cheibriados.
  5704 | D:8      | Found a staircase to the Lair.
  5710 | D:8      | Reached ** piety under Okawaru
  6246 | D:8      | Found an opulent altar of Gozag.
  6586 | D:8      | Found a blossoming altar of Fedhas.
  6673 | D:8      | Found a basalt altar of Yredelemnul.
  6694 | D:8      | Reached *** piety under Okawaru
  6711 | D:8      | Reached XP level 10. HP: 42/65 MP: 10/10
  7255 | D:9      | Got a slimy robe
  7266 | D:9      | Identified the +1 robe of Dishonour {rElec Int+5} (You found it on level 9 of the Dungeon)
  7434 | D:9      | Found a roughly hewn altar of Beogh.
  7434 | D:9      | Found a staircase to the Orcish Mines.
  7637 | D:9      | Reached **** piety under Okawaru
  7717 | D:9      | Found a deep blue altar of Sif Muna.
  8198 | D:10     | Entered Level 10 of the Dungeon
  8216 | D:10     | Reached XP level 11. HP: 34/72 MP: 7/11
  8306 | D:10     | Noticed a hill giant
  8319 | D:10     | Killed a hill giant
  8319 | D:10     | Reached ***** piety under Okawaru
  8359 | D:10     | Noticed Nergalle
  8395 | D:10     | Noticed a spectral orc warlord
  8410 | D:9      | Killed Nergalle
  8410 | D:9      | Reached skill level 10 in Fighting
  8410 | D:9      | Reached skill level 10 in Armour
  8578 | D:10     | Received a gift from Okawaru
  8590 | D:10     | Got a translucent chain mail {god gift}
  8601 | D:10     | Identified the +5 chain mail "Utaqidd" {rElec Dex+4} (Okawaru gifted it to you on level 10 of the Dungeon)
  8632 | D:10     | Reached skill level 10 in Shields
  9302 | D:11     | Noticed a cyan ugly thing
  9316 | D:11     | Killed a cyan ugly thing
  9717 | D:12     | Noticed a hill giant
  9730 | D:12     | Killed a hill giant
  9853 | D:12     | Noticed a cyclops
  9862 | D:12     | Killed a cyclops
  9902 | D:12     | Noticed a tengu warrior
  9956 | D:12     | Killed a tengu warrior
 10354 | D:12     | Reached XP level 12. HP: 49/79 MP: 7/12
 10476 | D:12     | Reached skill level 10 in Maces & Flails
 10480 | D:12     | Gained mutation: You evolve. [mutagenic meat]
 11007 | D:12     | Noticed a tengu warrior
 11018 | D:12     | Killed a tengu warrior
 12128 | D:13     | Noticed a soul eater
 12342 | D:13     | Reached ****** piety under Okawaru
 12565 | D:13     | Gained mutation: You have a pair of small antennae on your head. [evolution]
 12565 | D:13     | Lost mutation: You evolve. [end of evolution]
 12696 | D:13     | Found a gate to the Vaults.
 12831 | D:14     | Received a gift from Okawaru
 13090 | D:14     | Noticed a centaur warrior
 13106 | D:14     | Killed a centaur warrior
 13106 | D:14     | Reached XP level 13. HP: 51/85 MP: 9/13
 13414 | D:14     | Gained mutation: Your spells are a little easier to cast, but a little less powerful. [mutagenic meat]
 13415 | D:14     | Gained mutation: You are covered in fur (AC +1). [mutagenic meat]
 13416 | D:14     | Gained mutation: Scrolls take you a little longer to read. [mutagenic meat]
 13417 | D:14     | Gained mutation: You tend to lose your temper in combat. [mutagenic meat]
 13418 | D:14     | Gained mutation: You have an increased reservoir of magic (+10% MP). [mutagenic meat]
 13419 | D:14     | Gained mutation: You possess an exceptional clarity of mind. [mutagenic meat]
 13420 | D:14     | Gained mutation: You are frail (-10% HP). [mutagenic meat]
 13422 | D:14     | Gained mutation: You are partially covered in molten scales (AC +1). [mutagenic meat]
 13481 | D:14     | Lost mutation: You have a pair of small antennae on your head. [mutagenic meat]
 13482 | D:14     | Lost mutation: You tend to lose your temper in combat. [mutagenic meat]
 13580 | D:15     | Entered Level 15 of the Dungeon
 13603 | D:15     | Received a gift from Okawaru
 13606 | D:15     | Got a polished scale mail {god gift}
 13617 | D:15     | Identified the +1 scale mail "Gijitrebb" {Int+3 Slay+2} (Okawaru gifted it to you on level 15 of the Dungeon)
 13858 | D:15     | Found a bloodstained altar of Trog.
 13859 | D:15     | Found a deep blue altar of Sif Muna.
 13859 | D:15     | Found an opulent altar of Gozag.
 14413 | Lair:1   | Entered Level 1 of the Lair of Beasts
 15562 | Lair:2   | Gained mutation: Your large and strong wings let you fly indefinitely. [Gargoyle growth]
 15562 | Lair:2   | Reached XP level 14. HP: 62/84 MP: 11/15
 15575 | Lair:2   | Found a dark tunnel.
 15583 | Volcano  | Entered a volcano
 15655 | Volcano  | Killed from afar by a lindwurm

Vault maps used:
D:1:      eino_arrival_cavern_c
D:3:      grunt_qazlal_sundering, first_bread, uniq_iyjb, uniq_robin
D:4:      serial_shops, shop
D:5:      nicolae_ashenzari_panopticon, nicolae_overflow_crystal_walls,
          basic_altar, okawaru_gym_becter
D:6:      minmay_klotski, grunt_ministairs_3, serial_bayou_ford_a
D:7:      kennysheep_little_box, minmay_temple_entry_statues_pillars,
          uniq_prince_ribbit1
D:8:      lemuel_crystal_altar, lemuel_mausoleum_altar_yredelemnul,
          lemuel_crystal_altar, erik_lair_orcish_takeover,
          hangedman_little_slice_of_home, nicolae_gozag_seed_capital
D:9:      wad_pebble_path, overflow_temple_1_default, david_orc_5, st_stairs_7
D:10:     kennysheep_generic_room_15, uniq_nergalle
D:13:     david_vaults_1
D:15:     hangedman_slaughterboxes
Lair:2:   enter_volcano_3, basic_altar
Volcano:  volcano_caves

Skill      XL: |  1  2  3  4  5  6  7  8  9 10 11 12 13 |
---------------+----------------------------------------+-----
Armour         | 4 5 6 7 8 9 10 12 13 | 13.2
Shields        | 4 5 6 8 9 10 11 13 | 13.1
Fighting       | 4 5 7 8 9 10 11 13 | 13.1
Maces & Flails | 3 4 5 7 8 9 11 12 | 12.2

Action                   |  1- 3 |  4- 6 |  7- 9 | 10-12 | 13-15 || total
-------------------------+-------+-------+-------+-------+-------++-------
Melee: Flail             |   141 |   171 |   722 |   114 |       ||  1148
       Morningstar       |       |       |       |   988 |   376 ||  1364
Invok: Heroism           |       |       |       |     8 |     5 ||    13
  Use: Potion            |       |       |     4 |     2 |     4 ||    10
       Scroll            |       |       |     2 |    23 |     1 ||    26
  Eat: Chunk             |       |     4 |    10 |    24 |    18 ||    56
       Bread ration      |       |     3 |     1 |     2 |       ||     6
       Beef jerky        |       |     1 |     1 |       |       ||     2
       Pizza             |       |       |       |       |     2 ||     2
Armor: Scale mail        |    83 |   118 |   412 |   223 |       ||   836
       Chain mail        |       |       |       |   334 |   266 ||   600
Dodge: Dodged            |    45 |    56 |   201 |   322 |   132 ||   756
Block: Shield            |    79 |   111 |   416 |   753 |   316 ||  1675
